 Dungeon Crawl Stone Soup version 0.28-a0-1444-g6c55d0bc0c (webtiles) character file.

Game seed: 1757014612940990046

4 Froggeryz the Cudgeller (level 1, 0/12 HPs)
             Began as a Gargoyle Gladiator on Jan 10, 2022.
             Constricted to death by a ball python (1 damage)
             ... on level 1 of the Dungeon.
             The game lasted 00:00:21 (342 turns).

Froggeryz the Cudgeller (Gargoyle Gladiator)         Turns: 342, Time: 00:00:21

Health: 0/12       AC:  6    Str: 17    XL:     1   Next: 70%
Magic:  1/1        EV:  9    Int:  8    God:
Gold:   11         SH:  0    Dex: 11    Spells: 0/0 levels left

rFire   . . .      SeeInvis .   a - +0 flail
rCold   . . .      Faith    .   (no shield)
rNeg    + . .      Spirit   .   b - +0 leather armour
rPois   ∞          Reflect  .   c - +0 helmet
rElec   +          Harm     .   (no cloak)
rCorr   .          Rampage  .   (no gloves)
Will    .....                   (no boots)
Stlth   +.........              (no amulet)
HPRegen 0.04/turn               (no ring)
MPRegen 0.07/turn               (no ring)

@: constricted
A: sickness immunity, AC +2, negative energy resistance 1, electricity
resistance, torment resistance 1, petrification resistance
a: no special abilities


You were on level 1 of the Dungeon.
You visited 1 branch of the dungeon, and saw 1 of its levels.

You collected 11 gold pieces.

Inventory:

Hand Weapons
 a - a +0 flail (weapon)
Missiles
 d - 3 throwing nets (quivered)
Armour
 b - a +0 leather armour (worn)
 c - a +0 helmet (worn)


   Skills:
 - Level 2.1 Fighting
 * Level 3.2 Maces & Flails
 - Level 1.7 Throwing
 + Level 0.5 Armour
 - Level 2.4 Dodging


You couldn't memorise any spells.
You didn't know any spells.
Your spell library was empty.

Dungeon Overview and Level Annotations

Branches:
Dungeon (1/15)

Altars:


Innate Abilities, Weirdness & Mutations

You are immune to sickness and miasma.
Your stone body is resilient. (AC +2)
You are immune to poison.
You resist negative energy. (rN+)
You are resistant to electric shocks. (rElec)
You are resistant to unholy torment.
You are immune to petrification.


Message History

The ball python bites you but does no damage.
The ball python grabs you. The ball python constricts you.
The ball python barely misses you. The ball python constricts you.
You barely miss the ball python. The ball python bites you.
The ball python constricts you.
You closely miss the ball python. The ball python closely misses you.
The ball python constricts you. The ball python bites you.
The ball python constricts you.
A ball python is nearby!
You are too injured to fight recklessly!
You are too injured to fight recklessly!
A ball python is nearby!
You are too injured to fight recklessly!
You are too injured to fight recklessly!
You closely miss the ball python. The ball python closely misses you.
The ball python constricts you.
You closely miss the ball python. The ball python bites you.
The ball python constricts you. The ball python bites you.
The ball python constricts you.
You closely miss the ball python.
The ball python bites you but does no damage.
The ball python constricts you.
You closely miss the ball python.
The ball python bites you but does no damage.
The ball python constricts you.
You hit the ball python.
The ball python is moderately wounded.
The ball python closely misses you. The ball python constricts you.
The ball python bites you but does no damage.
The ball python constricts you.
You closely miss the ball python.
The ball python is moderately wounded.
The ball python bites you but does no damage.
The ball python constricts you.
You barely miss the ball python.
The ball python is moderately wounded.
The ball python bites you.
* * * LOW HITPOINT WARNING * * *
The ball python constricts you.
You die...

#.# #.## ####.#
#.## #....# #...
#.#### ####
###########.# #
#...........#
#.###############
#.# #.....#......
#.# #.#..@S......
#.###.##.........
#................
################.


You could see a ball python.

Vanquished Creatures
  A goblin (D:1)
  A hobgoblin (D:1)
  A quokka (D:1)
  A frilled lizard (D:1)
4 creatures vanquished.

Notes
Turn   | Place    | Note
-------+----------+-------------------------------------------
     0 | D:1      | Froggeryz the Gargoyle Gladiator began the quest for the
                  | Orb.
     0 | D:1      | Reached XP level 1. HP: 12/12 MP: 1/1
   342 | D:1      | Constricted to death by a ball python

Illustrated notes

Levels and vault maps discovered:
D:1:      giann_bridges, layout_basic

Action                   || total
-------------------------++-------
Melee: Flail             ||    27
Armor: Leather armour    ||     8
Dodge: Dodged            ||    22

Table legend: (Time is in decaauts)
 A = Elapsed time spent in this place.
 B = Non-inter-level travel time spent in this place.
 C = Inter-level travel time spent in this place.
 D = Time resting spent in this place.
 E = Time spent auto-exploring this place.
 F = Levels seen in this place.
 G = Mean time per level.
                   A        B        C        D        E       F      G
               +--------+--------+--------+--------+--------+-----+--------+
         Total |    348 |    348 |      0 |    217 |     87 |   1 |  348.0 |
       Dungeon |    348 |    348 |      0 |    217 |     87 |   1 |  348.0 |
               +--------+--------+--------+--------+--------+-----+--------+

Top non-repeatable levels by time:
     D:1: 348 daAuts
